 Dungeon Crawl Stone Soup version 0.21-a0-525-ga34b322 (webtiles) character file.

39 slep the Chopper (level 3, 0/18 HPs)
             Began as a Vine Stalker Gladiator on Dec 8, 2017.
             Succumbed to an adder's poison
             ... on level 2 of the Dungeon.
             The game lasted 00:02:37 (708 turns).

slep the Chopper (Vine Stalker Gladiator)            Turns: 708, Time: 00:02:38

Health: 0/18       AC:  2    Str: 14 (17) XL:     3   Next: 45%
Magic:  0/4        EV: 18    Int:  6 (8)  God:
Gold:   46         SH:  0    Dex: 19 (20) Spells: 2/2 levels left

rFire    . . .     SeeInvis .   a - +0 war axe
rCold    . . .     Gourm    .   (no shield)
rNeg     . . .     Faith    .   e - -2 leather armour (curse)
rPois    .         Spirit   +   c - +0 helmet
rElec    .         Reflect  .   (no cloak)
rCorr    .         Harm     .   (no gloves)
MR       .....                  (no boots)
Stlth    ++........             (no amulet)
HPRegen  0.06/turn              (no ring)
MPRegen  0.09/turn              (no ring)

@: agile, lethally poisoned (0 -> -11)
A: fangs 2, magic shield, antimagic bite, no potion heal 3, rot immunity
a: no special abilities


You were on level 2 of the Dungeon.
You were not hungry.

You visited 1 branch of the dungeon, and saw 2 of its levels.

You collected 46 gold pieces.

Inventory:

Hand Weapons
 a - a +0 war axe (weapon)
Missiles
 d - 3 throwing nets (quivered)
Armour
 b - a +0 leather armour
 c - a +0 helmet (worn)
 e - a cursed -2 leather armour (worn)
Scrolls
 h - a scroll of identify {unknown}
 j - 3 scrolls of noise {unknown}
 l - a scroll of fog {unknown}
Potions
 g - a potion of lignification {unknown}
 k - a potion of degeneration
 n - a potion of brilliance {unknown}
Comestibles
 f - 2 bread rations
 i - a meat ration


   Skills:
 + Level 2.0 Fighting
 + Level 3.3 Axes
 + Level 1.9 Throwing
 + Level 0.1 Armour
 + Level 2.9 Dodging


You had 2 spell levels left.
You didn't know any spells.

Dungeon Overview and Level Annotations

Branches:
Dungeon (2/15)

Altars:


Innate Abilities, Weirdness & Mutations

You have extremely sharp teeth.
When hurt, damage is shared between your health and your magic reserves.
Your bite disrupts and absorbs the magic of your enemies.
Potions cannot restore your health.
You are immune to rotting.


Message History

* * * LOW HITPOINT WARNING * * *
You are lethally poisoned!
The adder poisons you!
You closely miss the adder.
* * * LOW HITPOINT WARNING * * *
You feel sick. The adder bites you.
* * * LOW HITPOINT WARNING * * *
The adder bites you.
* * * LOW HITPOINT WARNING * * *
You are more poisoned.
The adder poisons you!
It was a potion of degeneration.
There was something very wrong with that liquid.
You feel weakened.
You feel dopey.
You feel clumsy. The adder bites you.
You are more poisoned.
The adder poisons you!
It was a potion of agility.
You feel agile all of a sudden.
You die...

###.#### .......
....># ..... .
#.#.#####.. # #....
.... . #. #.S.#...
#..#..####.@#.# ....
...#....##
.....##.##....##.
#.................
.#...#.##..##....
#.###.#..## #...
#.#.....#...##......
#......##...........
######.##.....#
.....


You could see an adder.

Vanquished Creatures
  A worm (D:2)
  2 dart slugs
  2 leopard geckos (D:1)
  2 giant cockroaches (D:1)
  A goblin (D:1)
  6 hobgoblins
  4 jackals (D:1)
  3 kobolds (D:1)
  2 bats (D:1)
  3 rats (D:1)
26 creatures vanquished.

Notes
Turn   | Place    | Note
-------+----------+-------------------------------------------
     0 | D:1      | slep the Vine Stalker Gladiator began the quest for the Orb.
     0 | D:1      | Reached XP level 1. HP: 11/11 MP: 2/2
   160 | D:1      | Reached XP level 2. HP: 8/15 MP: 3/3
   169 | D:1      | Reached skill level 3 in Axes
   410 | D:1      | Reached XP level 3. HP: 13/18 MP: 2/4
   708 | D:2      | Succumbed to an adder's poison

Vault maps used:
D:1:      mushboom_english_gardens
D:2:      nicolae_dithmenos_shadow_blocks

Skill      XL: |  1  2  3 |
---------------+----------+-----
Axes           | 3 |  3.3
Fighting       | 2 |  2.0
Throwing       | |  1.9
Armour         | |  0.1
Dodging        | |  2.9

Action                   || total
-------------------------++-------
Melee: War axe           ||    60
       Bite              ||    15
  Use: Potion            ||     2
 Stab: Sleeping          ||     2
Armor: Leather armour    ||    12
Dodge: Dodged            ||    43

Table legend:
 A = Spawn XP
 B = Non-spawn XP
 C = Spawn XP percentage of total XP
 D = Spawn monster count
 E = Non-spawn monster count
 F = Spawn count percentage of total count
 G = Total turns spent on level
                    A         B        C        D         E        F      G
               +---------+---------+-------+---------+---------+-------+---------
         Total |       0 |      56 |   0.0 |       0 |      26 |   0.0 |   708
               +---------+---------+-------+---------+---------+-------+---------
           D:1 |       0 |      45 |   0.0 |       0 |      23 |   0.0 |   610
           D:2 |       0 |      11 |   0.0 |       0 |       3 |   0.0 |    98
               +---------+---------+-------+---------+---------+-------+---------
